Map: Ascension to Aiur LE

Players

Serral - Winner!

  • Race: Zerg Zerg
  • Spawn Location: 11:00

GuMiho

  • Race: Terran Terran
  • Spawn Location: 5:00

Event: 2017 WCS Global Finals

VOD

Have the link to the VOD?

Description

Time

  • Played on: Oct. 29, 2017, 5:21 p.m.
  • Length: 12:42

All games in this series

Show
View Real Time Build Order
Export as new Build Order

Serral Zerg - Winner!

Build Orders: Hatch First, Ravager All-In 

Get SALT Encoding   

  12  0:00  Drone  
  13  0:13  Overlord  
  13  0:17  Drone  
  14  0:31  Drone x2  
  16  0:35  Drone  
  17  0:53  Hatchery  
  16  0:57  Drone  
  17  1:10  Spawning Pool  
  16  1:12  Extractor  
  16  1:14  Drone  
  16  1:18  Drone  
  17  1:22  Drone  
  18  1:29  Drone  
  19  1:41  Drone  
  20  1:48  Extractor  
  20  1:50  Drone  
  20  1:57  Roach Warren  
  19  2:02  Drone  
  19  2:05  Queen  
  19  2:06  Zergling x2  
  23  2:10  Queen  
  25  2:18  Overlord  
  25  2:37  Roach x2  
  29  2:38  Roach  
  31  2:46  Queen  
  33  2:54  Overlord  
  32  3:00  Ravager  
  32  3:01  Ravager x2  
  35  3:15  Roach x2  
  35  3:16  Roach  
  43  3:27  Roach  
  43  3:40  Ravager  
  41  3:50  Ravager  
  41  3:54  Drone x2  
  44  4:00  Hatchery  
  43  4:10  Overlord  
  43  4:12  Ravager  
  44  4:28  Queen  
  46  4:32  Drone x2  
  46  4:34  Drone x2  
  46  4:37  Drone  
  51  4:40  Ravager  
  51  4:43  Overlord  
  52  5:01  Queen  
  52  5:02  Roach x2  
  58  5:07  Lair  
  58  5:12  Drone  
  59  5:15  Drone  
  60  5:22  Queen  
  60  5:26  Drone  
  63  5:29  Roach  
  63  5:33  Overlord  
  65  5:47  Spore Crawler  
  65  5:48  Spore Crawler  
  65  5:49  Drone x3  
  65  5:50  Drone  
  65  5:52  Drone  
  65  5:55  Drone  
  66  6:07  Drone x2  
  66  6:08  Drone x2  
  66  6:11  Drone  
  69  6:15  Overseer  
  69  6:20  Overseer  
  69  6:24  Overlord  
  69  6:26  Drone  
  69  6:27  Drone  
  69  6:31  Queen  
  73  6:36  Drone  
  73  6:37  Metabolic Boost  
  74  6:44  Overlord  
  74  6:47  Drone  
  74  6:48  Drone  
  73  6:57  Drone x2  
  73  6:59  Drone x2  
  73  7:00  Drone  
  73  7:01  Drone x2  
  76  7:15  Hatchery  
  76  7:17  Extractor x2  
  76  7:21  Glial Reconstitution  
  76  7:22  Evolution Chamber, Drone x3  
  75  7:23  Drone  
  76  7:30  Roach x2  
  77  7:49  Zerg Ground Armor Level 1  
  77  7:53  Roach x3  
  83  8:01  Drone x2  
  83  8:03  Drone x5  
  90  8:17  Overlord x3  
  90  8:19  Overlord  
  90  8:26  Overlord  
  90  8:35  Queen x3  
  90  8:38  Drone x4  
  100  8:41  Drone x2  
  100  8:42  Drone  
  100  8:46  Ravager x2  
  109  8:48  Roach x3  
  111  8:57  Overlord  
  111  8:59  Ravager x2  
  111  9:00  Ravager  
  114  9:03  Overlord  
  114  9:04  Roach x4  
  122  9:10  Spore Crawler  
  122  9:13  Overlord  
  122  9:14  Roach  
  122  9:15  Roach x2  
  127  9:28  Roach  
  127  9:29  Roach x7  
  143  9:33  Drone x2  
  143  9:35  Drone x2  
  143  9:37  Drone  
  143  9:38  Drone x2  
  147  9:44  Drone x2  
  147  9:45  Evolution Chamber x2  
  148  9:46  Drone  
  128  9:57  Roach x5  
  128  10:00  Queen  
  128  10:06  Overlord  
  127  10:09  Roach x3  
  127  10:13  Zerg Missile Weapons Level 1, Zerg Ground Armor Level 2  
  137  10:21  Roach x4  
  137  10:26  Infestation Pit, Extractor x2  
  132  10:39  Drone x2  
  132  10:40  Hatchery  
  132  10:41  Spore Crawler  
  132  10:44  Roach x5  
  142  10:50  Overlord x2  
  142  10:56  Overlord  
  142  10:58  Overlord  
  142  10:59  Overlord  
  142  11:03  Infestor  
  142  11:04  Infestor  
  146  11:12  Ravager x5  
  146  11:16  Zergling x16  
  159  11:25  Overlord  
  159  11:27  Overlord  
  159  11:28  Zergling x6  
  162  11:38  Overlord  
  164  11:40  Roach x4  
  168  11:48  Roach x4  
  176  11:57  Drone  
  176  11:58  Drone x2  
  179  12:03  Overlord  
  179  12:07  Roach x5  
  183  12:09  Overlord  
Show
View Real Time Build Order
Export as new Build Order

GuMiho Terran 

Build Orders: Gas First Reaper Expand, Reaper Expand, MMM Bio 

Get SALT Encoding   

  12  0:00  SCV  
  13  0:12  SCV  
  14  0:19  Supply Depot  
  14  0:24  SCV  
  15  0:29  Refinery  
  15  0:40  SCV  
  16  0:45  Barracks  
  16  0:52  SCV  
  17  1:04  SCV  
  18  1:16  SCV  
  19  1:32  Reaper, Orbital Command  
  20  1:42  Command Center  
  20  1:54  Factory  
  20  1:57  SCV  
  21  2:07  Barracks Reactor  
  21  2:08  Supply Depot  
  21  2:10  SCV  
  22  2:22  SCV  
  23  2:24  Refinery  
  23  2:31  Bunker  
  24  2:38  Hellion  
  24  2:42  Marine x2  
  28  2:49  Starport  
  28  2:58  Orbital Command  
  27  3:01  Marine  
  27  3:04  Marine  
  29  3:18  Factory Tech Lab, Bunker  
  29  3:26  Medivac  
  31  3:36  Supply Depot  
  31  3:52  Orbital Command  
  31  3:56  Supply Depot  
  31  3:58  Siege Tank, SCV, Starport Tech Lab, Marine  
  36  4:09  Supply Depot  
  36  4:10  SCV  
  37  4:21  Banshee  
  37  4:22  SCV  
  41  4:32  Marine  
  41  4:34  SCV  
  41  4:39  Cloaking Field  
  41  4:43  Factory Tech Lab  
  41  4:46  SCV  
  41  4:47  Supply Depot  
  41  4:50  Marine  
  42  5:04  Banshee  
  42  5:05  Barracks  
  45  5:16  Marine  
  46  5:22  Siege Tank  
  46  5:26  SCV  
  46  5:27  SCV  
  46  5:28  Barracks  
  51  5:38  SCV, Marine  
  53  5:47  Banshee  
  56  5:54  Barracks Tech Lab  
  56  6:01  Barracks  
  57  6:11  SCV  
  57  6:13  Stimpack  
  57  6:17  Barracks Reactor  
  57  6:25  Marine  
  57  6:27  Barracks Reactor  
  57  6:28  SCV  
  57  6:32  Engineering Bay  
  59  6:53  Marine x2  
  60  6:55  Marine x2  
  60  6:59  SCV  
  60  7:01  Siege Tank  
  55  7:06  Terran Infantry Weapons Level 1  
  54  7:09  Marine  
  54  7:10  Marine  
  54  7:11  Marine x2  
  54  7:12  Marine x2  
  59  7:25  Supply Depot  
  59  7:27  Marine  
  59  7:28  Marine  
  59  7:29  Marine  
  62  7:30  Marine x3  
  65  7:37  Orbital Command  
  64  7:45  Marine  
  64  7:46  Marine  
  64  7:47  Marine  
  64  7:48  Marine  
  64  7:50  Supply Depot  
  68  7:57  SCV, Banshee  
  72  8:03  Marine  
  73  8:06  Marine x2  
  73  8:09  Marine  
  76  8:22  Marine x2  
  78  8:30  Marine x2  
  80  8:37  Marine  
  80  8:40  Marine x2  
  80  8:41  Marine  
  84  8:44  Orbital Command  
  84  8:59  Marine  
  85  9:13  Terran Infantry Armor Level 1  
  85  9:22  Marine  
  86  9:33  Marine  
  86  9:35  Marine  
  86  9:37  Marine x2  
  86  9:38  Marine  
  85  9:40  Marine, Siege Tank  
  79  9:52  Marine  
  74  9:53  Marine  
  74  9:55  Marine x3  
  74  9:58  Marine  
  74  10:10  Marine  
  74  10:11  Marine  
  74  10:12  Marine, SCV, Siege Tank  
  74  10:13  Marine x2  
  78  10:15  Marine  
  74  10:21  SCV  
  74  10:24  SCV  
  76  10:29  Marine  
  76  10:32  Combat Shields  
  76  10:33  SCV  
  76  10:35  Marine  
  78  10:36  SCV  
  80  10:44  Siege Tank  
  84  10:50  Medivac  
  84  10:55  Medivac  
  84  10:56  Supply Depot  
  86  10:59  Concussive Shells  
  86  11:04  Supply Depot  
  86  11:18  Marauder x2  
  90  11:21  Supply Depot  
  90  11:24  Marine  
  90  11:25  Marine  
  92  11:33  Medivac  
  92  11:36  Medivac  
  92  11:38  SCV  
  97  11:45  Marine x2  
  99  11:50  Marine x2  
  99  11:54  Marine  
  102  12:02  Siege Tank  
  102  12:07  Marine x2  
  107  12:10  Marine  
  107  12:13  Marine  
  107  12:18  Marine  
Tags
 
Add a new tag
Caveats
  • Supply blocks, unpowered buildings, or Contaminate may cause inaccurate times.
  • Supply counts are checked every 10 seconds.